 Dungeon Sprint DCSS version 0.19-a0-1587-gaef70b6 (webtiles) character file.

1194 poirepourri the Unseen (level 8, -12/36 HPs)
             Began as a Spriggan Enchanter on Sept 16, 2016.
             Was an Initiate of Dithmenos.
             Mangled by a deep troll (14 damage)
             ... in the Dungeon (Sprint I: "Red Sonja").
             The game lasted 00:01:28 (325 turns).

poirepourri the Unseen (Spriggan Enchanter)          Turns: 325, Time: 00:01:28

Health: -12/36     AC:  4    Str:  4    XL:     8   Next: 20%
Magic:  15/19      EV: 26    Int: 16    God:    Dithmenos [......]
Gold:   319        SH:  0    Dex: 19    Spells: 3 memorised, 14 levels left

rFire  . . .     SeeInvis +     m - +2 rapier (drain)
rCold  + . .     Gourm    .     n - +2 robe {rC+}
rNeg   . . .     Faith    .     (shield restricted)
rPois  .         Spirit   .     (helmet restricted)
rElec  .         Dismiss  .     (no cloak)
rCorr  .         Reflect  .     (gloves unavailable)
MR     +....     Harm     .     (boots unavailable)
Stlth  +++++++++. NoTele   +    (no amulet)
                                (no ring)
                                (no ring)

@: very quick
A: unfitting armour, see invisible, herbivore 3, speed 3, slow metabolism 2
a: Renounce Religion


You were in the Dungeon.
You worshipped Dithmenos.
Dithmenos was noncommittal.
You were not hungry.

You visited 1 branch You collected 513 gold pieces.
You spent 194 gold pieces at shops.

Inventory:

Hand Weapons
 a - a +1 dagger
 k - a +2 vampiric dagger
 m - a +2 rapier of draining (weapon)
Armour
 b - a +1 robe
 n - a +2 robe of cold resistance (worn)
Scrolls
 j - a scroll of blinking
 l - a scroll of fear {unknown}
Potions
 e - a potion of curing
 f - a potion of heal wounds
 g - a potion of haste
 h - 2 potions of magic
 i - a potion of berserk rage
Books
 c - a book of Maledictions

   Spells                             Type                      Level
   a - Corona                         Hexes                        1
   b - Ensorcelled Hibernation        Hexes/Ice                    2
   c - Confuse                        Hexes                        3
   d - Tukima's Dance                 Hexes                        3
   e - Dazzling Spray                 Conjuration/Hexes            3
Comestibles
 d - a bread ration


   Skills:
 + Level 2.7 Short Blades
 + Level 9.6 Dodging
 + Level 19.4 Stealth
 + Level 6.8 Spellcasting
 + Level 10.0 Hexes
 - Level 2.1 Ice Magic


You had 14 spell levels left.
You knew the following spells:

 Your Spells              Type           Power        Failure   Level  Hunger
a - Corona                Hex            #####..      1%          1    None
b - Ensorcelled Hibernat  Hex/Ice        ###...       1%          2    None
c - Confuse               Hex            #####...     1%          3    ##.....


Dungeon Overview and Level Annotations

Branches:
Dungeon (1/1)

Altars:
Cheibriados
Dithmenos
Elyvilon
Fedhas
Gozag
Hepliaklqana
Kikubaaqudgha
Makhleb
Nemelex Xobeh
Okawaru
Qazlal
Ru
Sif Muna
Trog
Uskayaw
Vehumet
Xom
Yredelemnul
Zin
The Shining One
Jiyva
Lugonu

Shops:
D [


Innate Abilities, Weirdness & Mutations

You are tiny and cannot use many weapons and most armour.
You have supernaturally acute eyesight. (SInv)
You are a herbivore.
You cover ground extremely quickly.
You need consume almost no food.


Message History

A deep troll comes into view.
Found 108 gold pieces.
A deep troll is nearby!
There is an open door here.
The deep troll shouts!
You see here 27 gold pieces.
You hit the deep troll. You drain the deep troll!
The deep troll is lightly wounded.
The deep troll completely misses you. The deep troll claws you!
The deep troll completely misses you.
Casting: Ensorcelled Hibernation
Confirm with . or Enter, or press ? or * to list all spells.
Aiming: Ensorcelled Hibernation
Press: ? - help, Shift-Dir - straight line, f - deep troll
Aim: a deep troll (lightly wounded, lightly drained, chance to defeat MR: 36%)
The deep troll easily resists.
The deep troll bites you! The deep troll claws you!
* * * LOW HITPOINT WARNING * * *
The deep troll claws you!
You die...

#..#####'#####'#__####
#..####..#...#.####
#..#__####..##.#
#..#_____##'#..+
#⌠⌠#_.∩..†'..._#
####_..__##_.#'#
#_____###'#|#
#########.####+###
+...'@T.$$+
#.).####### ##.## #+#


You could see a deep troll.

Vanquished Creatures
  Sonja (D)
  A slime creature (D)
  Sigmund (D)
  A yak (D)
  An ogre (D)
  A jelly (D)
  Ijyb (D)
7 creatures vanquished.

Notes
Turn   | Place    | Note
-------+----------+-------------------------------------------
     0 | D        | poirepourri the Spriggan Enchanter began the quest for the Orb.
     0 | D        | Reached XP level 1. HP: 9/9 MP: 5/5
     2 | D        | Noticed Ijyb
     8 | D        | Killed Ijyb
     8 | D        | Reached skill level 8 in Stealth
     8 | D        | Reached XP level 2. HP: 13/13 MP: 6/6
    17 | D        | Learned a level 2 spell: Ensorcelled Hibernation
    19 | D        | Noticed an ogre
    21 | D        | Killed an ogre
    21 | D        | Reached skill level 12 in Stealth
    21 | D        | Reached XP level 3. HP: 16/16 MP: 5/8
    21 | D        | Reached XP level 4. HP: 21/21 MP: 5/9
    81 | D        | Learned a level 3 spell: Confuse
    84 | D        | Noticed Sigmund
    92 | D        | Killed Sigmund
    92 | D        | Reached skill level 15 in Stealth
    92 | D        | Reached skill level 1 in Ice Magic
    92 | D        | Reached XP level 5. HP: 15/24 MP: 3/10
   183 | D        | Found a deep blue altar of Sif Muna.
   188 | D        | Found a radiant altar of Vehumet.
   192 | D        | Reached skill level 16 in Stealth
   192 | D        | Reached XP level 6. HP: 27/28 MP: 11/11
   228 | D        | Found Xaheptixt's Armour Emporium.
   228 | D        | Found an ancient bone altar of Kikubaaqudgha.
   228 | D        | Found a hazy altar of Hepliaklqana.
   228 | D        | Found a stormy altar of Qazlal.
   228 | D        | Found a hide-covered altar of Uskayaw.
   228 | D        | Found a blossoming altar of Fedhas.
   228 | D        | Found a bloodstained altar of Trog.
   228 | D        | Found an iron altar of Okawaru.
   228 | D        | Found a basalt altar of Yredelemnul.
   228 | D        | Found a glowing golden altar of the Shining One.
   228 | D        | Found a snail-covered altar of Cheibriados.
   228 | D        | Found a sacrificial altar of Ru.
   228 | D        | Found a glowing silver altar of Zin.
   228 | D        | Found a shadowy altar of Dithmenos.
   228 | D        | Found a white marble altar of Elyvilon.
   228 | D        | Noticed a yak
   229 | D        | Found an opulent altar of Gozag.
   230 | D        | Killed a yak
   230 | D        | Reached skill level 17 in Stealth
   231 | D        | Found a sparkling altar of Nemelex Xobeh.
   239 | D        | Became a worshipper of Dithmenos the Shadowed
   244 | D        | Bought a +2 robe of cold resistance for 194 gold pieces
   276 | D        | Found a burning altar of Makhleb.
   276 | D        | Found a viscous altar of Jiyva.
   276 | D        | Found a shimmering altar of Xom.
   276 | D        | Found a corrupted altar of Lugonu.
   276 | D        | Noticed a slime creature
   279 | D        | Killed a slime creature
   279 | D        | Reached skill level 5 in Spellcasting
   279 | D        | Reached XP level 7. HP: 32/32 MP: 13/15
   303 | D        | Noticed Sonja
   307 | D        | Killed Sonja
   307 | D        | Reached skill level 19 in Stealth
   307 | D        | Reached skill level 10 in Hexes
   307 | D        | Reached XP level 8. HP: 36/36 MP: 15/19
   321 | D        | Noticed a deep troll
   325 | D        | Mangled by a deep troll

Vault maps used:
D:        dungeon_sprint_1

Skill      XL: |  1  2  3  4  5  6  7 |
---------------+----------------------+-----
Dodging        | 4 6 8 9 |  9.6
Stealth        | 8 12 15 16 17 19 | 19.4
Short Blades   | 2 |  2.7
Ice Magic      | 1 2 |  2.1
Hexes          | 4 7 10 | 10.0
Spellcasting   | 5 6 |  6.8

Action                   |  1- 3 |  4- 6 |  7- 9 || total
-------------------------+-------+-------+-------++-------
Melee: Dagger            |     5 |     4 |       ||     9
       Rapier            |       |     2 |     2 ||     4
 Cast: Ensorcelled Hiber |     1 |     3 |     1 ||     5
 Stab: Sleeping          |     2 |     4 |     1 ||     7
Armor: Robe              |     1 |       |       ||     1
Dodge: Dodged            |     2 |     1 |     2 ||     5
